 Dungeon Crawl Stone Soup version 0.17.1-3-g152610e (webtiles) character file.

1123 Urist the Gusty (level 8, 0/50 HPs)
             Began as a High Elf Air Elementalist on Apr 12, 2016.
             Slain by Edmund
             ... wielding a +2 flail of holy wrath
              (6 damage)
             ... on level 6 of the Dungeon.
             The game lasted 00:32:56 (8367 turns).

Urist the Gusty (High Elf Air Elementalist)         Turns: 8367, Time: 00:32:56

Health: 0/50       AC:  6    Str:  7    XL:     8   Next: 13%
Magic:  12/18      EV: 14    Int: 20    God:
Gold:   294        SH:  0    Dex: 17    Spells: 4 memorised, 11 levels left

rFire  . . .     SeeInvis .     p - +2 falchion (holy)
rCold  . . .     Clarity  .     a - +0 robe
rNeg   + . .     SustAt   .     (no shield)
rPois  .         Gourm    .     s - +2 helmet
rElec  .         Spirit   .     v - +0 cloak
rCorr  .         Warding  +     (no gloves)
rMut   .         Stasis   .     (no boots)
MR     +....                    c - amulet of warding
Stlth  ++........               (no ring)
                                f - ring of protection from magic

@: exhausted, slowed, very slow, somewhat resistant to hostile enchantments,
unstealthy
A: no striking features
a: no special abilities


You were on level 6 of the Dungeon.
You were not hungry.

You visited 1 branch of the dungeon, and saw 6 of its levels.

You collected 294 gold pieces.

Inventory:

Hand Weapons
 d - a +0 short sword
 l - a +1 war axe of venom
 p - a +2 falchion of holy wrath (weapon)
 y - the +2 mace of Midnight {freeze, +Blink rN+ Int+3 Stlth+}
   (You found it on level 5 of the Dungeon)

   It has been specially enchanted to freeze those struck by it, causing extra
   injury to most foes and up to half again as much damage against particularly
   susceptible opponents.
   It can also slow down cold-blooded creatures.
   It affects your intelligence (+3).
   It protects you from negative energy.
   It lets you blink.
   It makes you more stealthy.
Armour
 a - a +0 robe (worn)
 s - a +2 helmet (worn)
 v - a +0 cloak (worn)
Jewellery
 c - an amulet of warding (around neck)
 f - a ring of protection from magic (left hand)
 r - a +3 ring of strength {unknown}
Wands
 e - a wand of random effects (28)
 i - a wand of slowing (18)
 t - a wand of lightning (10)
 x - a wand of random effects (19)
Scrolls
 g - 2 scrolls of identify
 h - a scroll of recharging
 k - 2 scrolls of noise
Potions
 j - a potion of ambrosia
 o - 3 potions of curing
Books
 b - a book of Air

   Spells                             Type                      Level
   a - Shock                          Conjuration/Air              1
   b - Swiftness                      Charms/Air                   2
   c - Repel Missiles                 Charms/Air                   2
   d - Static Discharge               Conjuration/Air              3
   e - Lightning Bolt                 Conjuration/Air              5
Comestibles
 n - a bread ration
 q - a meat ration


   Skills:
 + Level 1.8 Fighting
 + Level 0.5(0.6) Short Blades
 + Level 0.2(0.5) Long Blades
 + Level 4.2 Dodging
 + Level 3.1 Stealth
 * Level 6.1 Spellcasting
 * Level 5.0 Conjurations
 + Level 0.5 Charms
 * Level 6.6 Air Magic


You had 11 spell levels left.
You knew the following spells:

 Your Spells              Type           Power        Failure   Level  Hunger
a - Shock                 Conj/Air       ####         1%          1    None
b - Static Discharge      Conj/Air       ####....     3%          3    ##.....
c - Swiftness             Chrm/Air       ###.....     3%          2    None
d - Repel Missiles        Chrm/Air       ###...       3%          2    None


Dungeon Overview and Level Annotations

Branches:
Dungeon (6/15)
 Temple: D:4-7

Altars:
Cheibriados

Annotations:
D:6 Edmund


Message History

Edmund hits you with a flail of holy wrath. x2
You barely miss Edmund.
Edmund is heavily wounded.
Edmund hits you with a flail of holy wrath.
Casting: Static Discharge
Confirm with . or Enter, or press ? or * to list all spells.
Edmund is struck by lightning.
Edmund is severely wounded.
The lightning arcs!
You are struck by lightning.
The lightning grounds out.
Edmund hits you with a flail of holy wrath!
* * * LOW HITPOINT WARNING * * *
Casting: Static Discharge
Confirm with . or Enter, or press ? or * to list all spells.
Edmund is struck by lightning.
Edmund is almost dead.
The lightning arcs!
You are struck by lightning.
* * * LOW HITPOINT WARNING * * *
The lightning grounds out.
Edmund hits you with a flail of holy wrath.
You die...

,*,,*,,,,,* #....#..+,,,,,,..#
**,,*,,,,,* #....#.,**********
**,,*,,,,,* #....#,,**,***,,,*
**,,*,,,,,*#####....#,,,,,*,,,,,,
**,,*,,,,,,#...#...$#,,,,,*,,,,,,
**,,*,,,,,,#..†#....#**+******,,*
**,,+,,,,,,#.).'....#,,,******,,*
**,,*,,,,..#####....#,,,+,,,*,,,*
**,,*****+#.....@...#,,,*,,,*,,,+
,*,,,,,,,,#.....@...#******,**,,*
,*,,,,,,,,#.............,,*,**,,*
**,,,,,,,,#.............,,*,,,,,,
**,,,,,,,*#.............,,*,,,,,,
*,,,,,_,,...............,,*,,,,,,
*,,,,,,,,................,*,,,,,,
**,,,,,,,.................***+***
**,,,**,,,,,,,,,,,,,*****,,,,,,**


You could see Edmund.

Vanquished Creatures
  A phantom (D:5)
  2 ogres
  2 scorpions (D:4)
  2 giant frog zombies (D:5)
  A crimson imp (D:4)
  2 hounds
  Crazy Yiuf (D:5)
  An orc priest (D:5)
  A centaur skeleton (D:5)
  An iguana (D:5)
  6 worker ants
  An orc wizard (D:4)
  2 hound zombies (D:5)
  6 gnolls
  10 adders
  An ooze (D:1)
  A worm (D:2)
  5 giant geckos
  10 orcs
  2 ball pythons (D:4)
  2 bats
  11 giant cockroaches
  11 goblins
  5 hobgoblins
  2 jackals (D:1)
  8 kobolds
  4 quokkas
  A giant gecko skeleton (D:4)
  4 giant newts
  A quokka skeleton (D:4)
  7 rats
114 creatures vanquished.

Notes
Turn   | Place    | Note
--------------------------------------------------------------
     0 | D:1      | Urist the High Elf Air Elementalist began the quest for the Orb.
     0 | D:1      | Reached XP level 1. HP: 11/11 MP: 4/4
   402 | D:1      | Reached XP level 2. HP: 10/17 MP: 0/6
   441 | D:1      | Reached skill level 4 in Air Magic
  1113 | D:2      | Reached XP level 3. HP: 12/21 MP: 5/8
  1142 | D:2      | Learned a level 3 spell: Static Discharge
  1145 | D:2      | Learned a level 2 spell: Swiftness
  1749 | D:2      | Reached skill level 1 in Fighting
  1963 | D:2      | Reached XP level 4. HP: 28/28 MP: 7/9
  2054 | D:2      | HP: 1/28 [gnoll (2)]
  3147 | D:3      | Found a faded altar to an unknown god.
  3457 | D:3      | Learned a level 2 spell: Repel Missiles
  4035 | D:3      | Reached XP level 5. HP: 30/33 MP: 2/10
  4920 | D:4      | Found a snail-covered altar of Cheibriados.
  4941 | D:4      | Reached XP level 6. HP: 35/39 MP: 0/12
  5227 | D:4      | Reached skill level 5 in Air Magic
  5694 | D:5      | Entered Level 5 of the Dungeon
  6502 | D:5      | Reached XP level 7. HP: 44/44 MP: 12/14
  6576 | D:4      | Reached skill level 5 in Spellcasting
  6959 | D:5      | Reached skill level 6 in Air Magic
  7542 | D:5      | Noticed Crazy Yiuf
  7652 | D:5      | Killed Crazy Yiuf
  7656 | D:5      | Reached XP level 8. HP: 35/50 MP: 1/18
  7869 | D:5      | Reached skill level 5 in Conjurations
  8058 | D:5      | Got a crude mace
  8059 | D:5      | Identified the +2 mace of Midnight {freeze, +Blink rN+ Int+3 Stlth+} (You found it on level 5 of the Dungeon)
  8196 | D:6      | Noticed Edmund
  8367 | D:6      | Slain by Edmund

Action                   |  1- 3 |  4- 6 |  7- 9 || total
-------------------------+-------+-------+-------++-------
Melee: Short sword       |    30 |    43 |       ||    73
       Unarmed           |     2 |       |       ||     2
       Falchion          |       |       |    14 ||    14
 Cast: Shock             |    48 |    59 |    20 ||   127
       Static Discharge  |     7 |    59 |    48 ||   114
       Swiftness         |     3 |     1 |       ||     4
Evoke: Wand              |       |     3 |     5 ||     8
  Use: Scroll            |     2 |    16 |     4 ||    22
       Potion            |       |     5 |     2 ||     7
  Eat: Bread ration      |     1 |       |     1 ||     2
       Meat ration       |     1 |     2 |     1 ||     4
       Chunk             |       |     3 |     1 ||     4
       Beef jerky        |       |     1 |       ||     1
